 Dungeon Crawl Stone Soup version 0.25.0-26-g0c896c7088 (webtiles) character file.

Game seed: 15274075942120441384

19306 Esekla the Thaumaturge (level 12, -3/62 HPs)
             Began as a Deep Elf Wanderer on June 30, 2020.
             Was an Elder of Ashenzari.
             Slain by a harpy (12 damage)
             ... on level 1 of the Shoals.
             The game lasted 02:29:11 (16574 turns).

Esekla the Thaumaturge (Deep Elf Wanderer)         Turns: 16574, Time: 02:29:12

Health: -3/62      AC: 19    Str: 14    XL:     12   Next: 35%
Magic:  30/30      EV: 20    Int: 23    God:    Ashenzari [****..]
Gold:   448        SH:  5    Dex: 18    Spells: 27/36 levels left

rFire    . . .     SeeInvis +   a - +3 scimitar (flame)
rCold    . . .     Gourm    .   (no shield)
rNeg     . . .     Faith    .   R - +0 troll leather armour (curse)
rPois    .         Spirit   .   A - +0 helmet
rElec    .         Reflect  +   j - +2 cloak (curse)
rCorr    .         Harm     .   T - +2 pair of gloves {Dex+3}
MR       ++...     Clarity  +   S - +2 pair of boots (curse)
Stlth    ++++......             i - amulet of reflection
HPRegen  0.60/turn              U - +6 ring of strength
MPRegen  0.22/turn              F - +4 ring of protection

@: lethally poisoned (-3 -> -38), studying Short Blades
A: blurry vision 1, magic resistance 1
a: Curse Item, Scrying, Renounce Religion


You were on level 1 of the Shoals.
You worshipped Ashenzari.
Ashenzari was greatly pleased with you.
You were not hungry.

You visited 5 branches of the dungeon, and saw 14 of its levels.
You also visited: Ossuary and Ice Cave.

You collected 662 gold pieces.
You spent 214 gold pieces at shops.

Inventory:

Hand Weapons
 a - a +3 scimitar of flaming (weapon)
 t - a +0 trident of venom
 v - a +2 short sword of venom
 J - a +0 dagger of pain
Missiles
 n - 30 poisoned darts (quivered)
 K - 6 silver javelins
 P - a boomerang
Armour
 j - a cursed +2 cloak (worn)
 A - a +0 helmet (worn)
 G - a +0 buckler
 O - a +2 robe of cold resistance
 R - a cursed +0 troll leather armour (worn)
 S - a cursed +2 pair of boots (worn)
 T - a +2 pair of gloves of dexterity (worn)
Jewellery
 d - an uncursed ring of poison resistance
 i - an amulet of reflection (around neck)
 F - a +4 ring of protection (right hand)
 I - an uncursed amulet of guardian spirit
 U - a +6 ring of strength (left hand)
 W - an uncursed ring of flight
 Z - an uncursed amulet of magic regeneration
Wands
 c - a wand of acid (14)
 B - a wand of polymorph (9)
 H - a wand of digging (5)
 M - a wand of flame (17)
 X - a wand of random effects (20)
Scrolls
 e - a scroll of acquirement
 g - 3 scrolls of amnesia
 l - 3 scrolls of noise
 m - a scroll of teleportation
 o - a scroll of magic mapping
 q - a scroll of immolation
 u - a scroll of fear
 y - 2 scrolls of blinking
 L - a scroll of fog
 V - 3 scrolls of identify
Potions
 b - 2 potions of lignification
 h - a potion of ambrosia
 k - 2 potions of degeneration
 p - a potion of might
 r - 2 potions of stabbing
 s - 2 potions of invisibility
 w - a potion of heal wounds
 z - 7 potions of curing
 C - a potion of brilliance
 D - a potion of berserk rage
 E - a potion of resistance
 N - a potion of flight
Books
 x - a manual of Short Blades
Miscellaneous
 Q - a lightning rod (4/4)
Comestibles
 f - 14 rations
 Y - a chunk of flesh


   Skills:
 + Level 1.9 Fighting
 + Level 5.6(7.1) Short Blades
 * Level 6.1(7.0) Long Blades
 + Level 3.7 Throwing
 * Level 4.4 Armour
 * Level 8.8(11.0) Dodging
 + Level 6.9(9.3) Stealth
 + Level 0.2 Shields
 * Level 12.8 Spellcasting
 + Level 7.3 Conjurations
   Level 1.3 Hexes
 + Level 4.8 Translocations
 + Level 4.7 Fire Magic
 + Level 4.9 Air Magic
 + Level 5.3 Poison Magic
 + Level 1.3 Evocations


You had 27 spell levels left.
You knew the following spells:

 Your Spells              Type           Power        Failure   Level  Hunger
a - Magic Dart            Conj           ####         1%          1    None
b - Blink                 Tloc           N/A          1%          2    None
c - Mephitic Cloud        Conj/Pois/Air  #####...     1%          3    None
f - Conjure Flame         Conj/Fire      #####...     1%          3    None

Your spell library contained the following spells:

 Spells                   Type           Power        Failure   Level  Hunger
 Stone Arrow              Conj/Erth      ####..       3%          3    None
 Slow                     Hex            ###.....     4%          2    None
 Sandblast                Erth           ##....       5%          1    None
 Call Imp                 Summ           ##......     8%          2    None
 Passwall                 Tmut/Erth      ##......     8%          2    None
 Petrify                  Tmut/Erth      ##......     45%         4    None
 Lee's Rapid Deconstruct  Erth           ##........   82%         5    ###....


Dungeon Overview and Level Annotations

Branches:
Dungeon (8/15)             Temple (1/1) D:6            Lair (3/6) D:8
 Shoals (1/4) Lair:3        Snake (1/4) Lair:2      Ossuary (visited)
  IceCv (visited)

Altars:
Ashenzari
Cheibriados
Dithmenos
Elyvilon
Fedhas
Gozag
Hepliaklqana
Kikubaaqudgha
Makhleb
Nemelex Xobeh
Okawaru
Qazlal
Ru
Sif Muna
Trog
Uskayaw
Vehumet
Wu Jian
Xom
Yredelemnul
Zin
The Shining One

Shops:
Snake:1 [

Annotations:
D:3 1 runed translucent door, Apogee's ghost, amateur SpEn


Innate Abilities, Weirdness & Mutations

Scrolls take you a little longer to read.
You are resistant to hostile enchantments. (MR+)


Message History

The harpy screeches!
You slash the harpy! You burn the harpy.
The harpy is heavily wounded.
You block the harpy's attack.
The harpy claws you but does no damage. x2; The harpy barely misses you.
The harpy claws you but does no damage. The harpy barely misses you. x2
The sea snake bites you!
You are lethally poisoned!
The sea snake poisons you!
There is a staircase back to the Lair, spattered with blood here.
You feel very sick. The harpy barely misses you.
You riposte.
You closely miss the harpy. The harpy claws you. The harpy barely misses you.
The harpy claws you but does no damage. You block the harpy's attack.
The harpy closely misses you. The harpy claws you but does no damage.
The harpy barely misses you. The sea snake closely misses you.
You riposte.
You closely miss the sea snake. The harpy claws you!
* * * LOW HITPOINT WARNING * * *
The harpy claws you!
You die...

≈ ** ≈ ≈≈≈ ≈≈ ≈≈, , ≈
, ≈≈≈.# ##.≈≈≈≈≈≈≈≈ ≈
, ≈ *,
≈≈≈≈.##.≈≈≈≈≈≈≈≈≈ ≈ ,
≈ ≈≈≈≈≈.%≈≈≈≈..≈≈≈≈≈≈≈
≈
≈≈≈≈≈≈≈≈≈≈≈≈......≈≈≈≈
≈ ≈≈≈≈≈≈≈≈≈≈≈≈≈≈≈.. ≈
≈≈ ≈≈≈≈≈≈≈≈≈≈≈H≈≈≈.. ≈
≈ ≈≈≈≈≈≈≈≈≈HH≈)..^..,
≈≈
≈≈≈≈≈≈≈H.@.......,≈≈
≈≈ ≈
≈≈≈.≈≈≈≈..SH.#..... ≈
≈≈ ≈≈≈≈≈.....##, .$. ≈
≈ ≈ ≈≈≈≈≈!..≈...,,
≈≈≈≈ ≈ ≈ ≈ ≈≈ ≈
≈≈≈≈≈...≈....≈ ≈≈ ≈
≈≈≈≈≈E.....≈≈≈≈ ≈≈≈ ≈
≈ ≈≈≈≈..##....≈≈.
≈≈≈≈≈ ....##
)...?...,,≈ ≈ , * * ,
*, ,≈ ≈≈ ≈ ,


You could see a sea snake, a water elemental and 5 harpies.

Vanquished Creatures
  A hydra (Lair:2)
  A two-headed ogre (D:8)
  Erica (Lair:2)
  Pikel (D:7)
  A black mamba (Lair:2)
  5 elephants
  4 spiny frogs
  4 komodo dragons
  2 ice devils (Lair:1)
  A polar bear (Lair:1)
  A queen bee (D:8)
  6 blink frogs
  2 hippogriffs
  Sigmund (D:4)
  A wraith (Ossuary)
  A wyvern (Lair:3)
  32 yaks
  A basilisk (Lair:2)
  4 vampire mosquitoes (Lair:2)
  A naga (Snake:1)
  4 insubstantial wisps (Lair:2)
  4 water moccasins
  A porcupine (Lair:2)
  An orc warrior (D:7)
  4 ice beasts
  A black bear (D:5)
  2 sky beasts
  2 phantoms
  2 ogres
  6 wolves
  A centaur (D:5)
  3 crocodiles
  Blork the orc (D:6)
  13 bullfrogs
  A gnoll sergeant (D:6)
  A scorpion (D:4)
  12 killer bees (D:8)
  A howler monkey (D:5)
  A jelly (D:7)
  3 crimson imps
  A human zombie (Ossuary)
  3 hounds
  9 orc priests
  8 orc wizards
  A bullfrog skeleton (D:4)
  Natasha (thrice) (D:2)
  2 iguanas
  5 worker ants
  A hound skeleton (D:7)
  3 mummies (Ossuary)
  2 worker ant zombies
  3 gnolls (D:6)
  16 adders
  2 shadow imps
  An ooze (D:1)
  An adder skeleton (D:5)
  A worm (D:5)
  7 leopard geckos
  29 orcs
  2 ball pythons
  13 bats
  7 giant cockroaches
  2 goblins
  10 hobgoblins
  11 jackals
  4 kobolds
  3 quokkas
  A ball python skeleton (D:6)
  9 frilled lizards
  A goblin zombie (Ossuary)
  2 hobgoblin zombies (Ossuary)
  3 kobold zombies (Ossuary)
  7 rats
  2 bushes (Temple)
  A fungus (Lair:3)
  2 plants (Lair:2)
313 creatures vanquished.

Vanquished Creatures (others)
  An orc (D:4)
  A quokka (D:4)
  5 fungi
  7 plants
14 creatures vanquished.

Grand Total: 327 creatures vanquished

Notes
Turn   | Place    | Note
-------+----------+-------------------------------------------
     0 | D:1      | Esekla the Deep Elf Wanderer began the quest for the Orb.
     0 | D:1      | Esekla set off with the following items: a +0 dagger, a
                  | potion of lignification, a +0 robe, a ration; and the
                  | following spell memorised: Magic Dart; and the following
                  | spells available to memorise: Slow, Blink, Call Imp,
                  | Conjure Flame, Mephitic Cloud
     0 | D:1      | Reached XP level 1. HP: 10/10 MP: 9/9
   172 | D:1      | Reached skill level 6 in Spellcasting
   559 | D:1      | Reached XP level 2. HP: 14/15 MP: 8/11
   563 | D:1      | Learned a level 2 spell: Blink
   832 | D:1      | Found a shattered altar of Ashenzari.
   872 | D:1      | Became a worshipper of Ashenzari the Shackled
  1622 | D:2      | Reached XP level 3. HP: 18/19 MP: 9/13
  1713 | D:2      | Noticed Natasha
  1953 | D:1      | Reached skill level 1 in Dodging
  1960 | D:1      | Learned a level 3 spell: Mephitic Cloud
  1964 | D:1      | Learned a level 3 spell: Conjure Flame
  2293 | D:3      | Noticed an ogre
  2608 | D:1      | Reached XP level 4. HP: 20/24 MP: 14/14
  2933 | D:2      | Reached skill level 1 in Translocations
  3476 | D:3      | Reached skill level 1 in Air Magic
  3617 | D:3      | Reached skill level 7 in Spellcasting
  3650 | D:3      | Found a runed translucent door.
  3655 | D:3      | Noticed Apogee's ghost (amateur SpEn)
  3728 | D:3      | Reached XP level 5. HP: 25/28 MP: 10/16
  3857 | D:4      | Reached skill level 1 in Short Blades
  3907 | D:4      | Found a white marble altar of Elyvilon.
  3964 | D:4      | Reached skill level 1 in Poison Magic
  4344 | D:3      | Reached XP level 6. HP: 27/32 MP: 4/18
  5124 | D:3      | Reached * piety under Ashenzari
  5383 | D:2      | Killed Natasha
  5521 | D:2      | Noticed Natasha
  5527 | D:2      | Killed Natasha
  5606 | D:2      | Noticed Natasha
  5618 | D:2      | Killed Natasha
  5757 | D:4      | Reached XP level 7. HP: 24/36 MP: 12/19
  5926 | D:4      | Noticed Sigmund
  6021 | D:4      | Killed Sigmund
  6243 | D:5      | Entered Level 5 of the Dungeon
  6506 | D:5      | Reached skill level 1 in Throwing
  6617 | D:5      | Reached XP level 8. HP: 33/41 MP: 14/21
  6624 | D:5      | Reached skill level 8 in Spellcasting
  6952 | D:6      | Found a sand-covered staircase.
  6971 | D:6      | Noticed Blork the orc
  6979 | D:6      | Killed Blork the orc
  6995 | Ossuary  | Entered an ossuary
  7828 | Ossuary  | HP: 1/41 [wraith (6)]
  7834 | Ossuary  | Reached skill level 5 in Conjurations
  8705 | D:5      | Reached skill level 9 in Spellcasting
  8995 | D:6      | Found a staircase to the Ecumenical Temple.
  9005 | D:6      | Identified a scroll of acquirement
  9006 | Temple   | Entered the Ecumenical Temple
  9435 | D:6      | Reached XP level 9. HP: 36/45 MP: 24/24
  9970 | D:6      | Reached skill level 5 in Dodging
 10674 | D:7      | Reached ** piety under Ashenzari
 10858 | D:7      | Reached skill level 1 in Long Blades
 10990 | D:7      | Noticed Pikel
 11008 | D:7      | Killed Pikel
 11239 | D:7      | Reached XP level 10. HP: 50/50 MP: 10/25
 11598 | D:7      | Gained mutation: You tend to lose your temper in combat.
                  | [potion of mutation]
 11598 | D:7      | Gained mutation: Your spells are a little harder to cast,
                  | but a little more powerful. [potion of mutation]
 11599 | D:7      | Lost mutation: Your spells are a little harder to cast, but
                  | a little more powerful. [potion of mutation]
 11599 | D:7      | Lost mutation: You tend to lose your temper in combat.
                  | [potion of mutation]
 11599 | D:7      | Gained mutation: Scrolls take you a little longer to read.
                  | [potion of mutation]
 11599 | D:7      | Gained mutation: You are resistant to hostile enchantments.
                  | (MR+) [potion of mutation]
 11665 | D:8      | Found a staircase to the Lair.
 12213 | D:8      | Reached skill level 1 in Armour
 12441 | D:8      | Reached skill level 10 in Spellcasting
 12494 | D:8      | Noticed a two-headed ogre
 12511 | D:8      | Killed a two-headed ogre
 12511 | D:8      | Reached skill level 5 in Stealth
 12783 | Lair:1   | Entered Level 1 of the Lair of Beasts
 13056 | Lair:2   | Noticed a five-headed hydra
 13111 | Lair:2   | Reached skill level 5 in Poison Magic
 13138 | Lair:2   | Reached *** piety under Ashenzari
 13214 | Lair:2   | Found a frozen archway.
 13219 | IceCv    | Entered an ice cave
 13286 | IceCv    | Reached XP level 11. HP: 55/55 MP: 27/27
 13316 | IceCv    | Noticed a white ugly thing
 13346 | Lair:2   | Noticed Erica
 13456 | Lair:2   | Found a staircase to the Snake Pit.
 13475 | Lair:2   | Reached skill level 1 in Fighting
 13475 | Lair:2   | Reached skill level 11 in Spellcasting
 13636 | Lair:2   | Killed Erica
 13694 | Lair:2   | Reached skill level 5 in Short Blades
 14335 | Lair:2   | Killed a one-headed hydra
 14568 | Lair:2   | Reached skill level 12 in Spellcasting
 14887 | Lair:2   | Reached skill level 5 in Long Blades
 15372 | Snake:1  | Entered Level 1 of the Snake Pit
 15402 | Snake:1  | Found Rasakydytt's Armour Emporium.
 15421 | Snake:1  | Bought a +1 pair of gloves of dexterity for 214 gold pieces
 15582 | Lair:2   | Reached XP level 12. HP: 51/62 MP: 19/30
 16337 | Lair:3   | Found a staircase to the Shoals.
 16381 | Lair:3   | Reached **** piety under Ashenzari
 16568 | Shoals:1 | Entered Level 1 of the Shoals
 16574 | Shoals:1 | Slain by a harpy

Illustrated notes

Levels and vault maps discovered:
D:1:      tarquinn_simple_flora_water_d, layout_loops_ring,
          evilmike_ruin_ashenzari
D:2:      layout_rooms, st_stairs_14, uniq_natasha
D:3:      layout_basic, ebering_ghost_reflecting_pool, solitary_fountain
D:4:      layout_layer_cave, elyvilon_altar_4, uniq_sigmund
D:5:      layout_basic, first_ration
D:6:      layout_loops_cross, temple_green,
          nicolae_ossuary_entry_false_entrances, minmay_misc_feat_more_columns,
          uniq_blork_the_orc
D:7:      layout_basic, uniq_pikel
D:8:      layout_loops_corners, david_lair_shrubbed, david_nohive_1
Temple:   kilobyte_greek_temple
Lair:1:   layout_loops_ring
Lair:2:   layout_roguey, dummy_snake_entry, portal_ice_cave_demonic_guard, pond,
          infiniplex_staircase_pool_2, lemuel_fruit_fields, uniq_erica
Lair:3:   layout_regular_city, elwin_shoals_entry_rocks
Shoals:1: layout_shoals
Snake:1:  layout_gridlike, serial_shops, shop, special_room, uniq_josephine,
          uniq_nikola

Skill      XL: |  1  2  3  4  5  6  7  8  9 10 11 12 |
---------------+-------------------------------------+-----
Spellcasting   | 6 7 9 10 12 | 12.8
Dodging        | 1 2 3 4 6 7 8 |  8.8
Conjurations   | 2 3 4 6 7 |  7.3
Translocations | 1 2 3 4 |  4.8
Air Magic      | 1 2 3 4 |  4.9
Short Blades   | 1 2 3 4 5 |  5.6
Poison Magic   | 1 2 3 4 5 |  5.3
Throwing       | 1 2 3 |  3.7
Fire Magic     | 3 4 |  4.7
Stealth        | 2 4 5 6 |  6.9
Long Blades    | 2 3 5 6 |  6.1
Armour         | 2 3 4 |  4.4
Fighting       | 1 |  1.9
Shields        | |  0.2
Hexes          | |  1.3
Evocations     | |  1.3

Action                   |  1- 3 |  4- 6 |  7- 9 | 10-12 || total
-------------------------+-------+-------+-------+-------++-------
Melee: Dagger            |    10 |       |       |       ||    10
       Short sword       |    35 |    48 |   354 |   420 ||   857
       Scimitar          |       |       |       |   138 ||   138
       Trident           |       |       |       |    17 ||    17
Throw: Dart              |       |    11 |    40 |    44 ||    95
       Boomerang         |       |       |       |    27 ||    27
       Javelin           |       |       |       |    13 ||    13
 Cast: Magic Dart        |    94 |   128 |   185 |   149 ||   556
       Blink             |     2 |     2 |     7 |    14 ||    25
       Mephitic Cloud    |       |     9 |    29 |    22 ||    60
       Conjure Flame     |       |       |       |    15 ||    15
Invok: Curse Item        |       |       |     1 |     3 ||     4
Evoke: Wand              |       |       |     1 |       ||     1
       Lightning rod     |       |       |       |     2 ||     2
  Use: Scroll            |       |     5 |     5 |    16 ||    26
       Potion            |       |       |     2 |     5 ||     7
 Stab: Sleeping          |     4 |     1 |     3 |     7 ||    15
       Confused          |       |     3 |    20 |    20 ||    43
       Distracted        |       |       |     1 |     2 ||     3
  Eat: Chunk             |     5 |    10 |    14 |    14 ||    43
       Ration            |       |       |     1 |     1 ||     2
Armor: Robe              |    34 |    18 |    63 |       ||   115
       Troll leather arm |       |       |       |   165 ||   165
Dodge: Dodged            |    63 |    39 |   198 |   420 ||   720
Block: Other             |       |       |       |    41 ||    41
       Rpst.: Scimitar   |       |       |       |    45 ||    45
